 Dungeon Sprint DCSS version 0.15.0 (webtiles) character file.

204 Iskender the Martial Artist (level 5, -1/27 HPs)
             Began as a Vine Stalker Monk on Aug 29, 2014.
             Was a Believer of Dithmenos.
             Slain by a slime creature (5 damage)
             ... in the Dungeon (Sprint I: "Red Sonja").
             The game lasted 00:03:07 (261 turns).

Iskender the Martial Artist (Vine Stalker Monk)      Turns: 261, Time: 00:03:07

HP  -1/27        AC  2     Str 14      XL: 5   Next: 82%
MP   0/7         EV 13     Int 10      God: Dithmenos [**....]
Gold 297         SH  0     Dex 17      Spells:  0 memorised,  4 levels left

rFire  . . .     SeeInvis .       - Unarmed
rCold  . . .     Clarity  .     a - +0 robe
rNeg   . . .     rCorr    .     (no shield)
rPois  .         rRot     +     (no helmet)
rElec  .         Spirit   +     (no cloak)
SustAb .         Warding  .     (no gloves)
rMut   .         NoTele   +     (no boots)
Gourm  .                        (no amulet)
MR     .....                    (no ring)
                                (no ring)

@: wreathed by umbra, not resistant to hostile enchantments, fairly stealthy
A: fangs 2, regeneration 1, magic shield, antimagic bite, no device heal 3, rot
immunity
a: Shadow Step, Renounce Religion


You were in the Dungeon.
You worshipped Dithmenos.
Dithmenos was pleased with you.
You were not hungry.

You visited 1 branch You collected 297 gold pieces.

Inventory:

Missiles
 i - 2 bolts of flame
Armour
 a - a +0 robe (worn)
Magical devices
 d - a wand of polymorph (13) {unknown}
Comestibles
 b - a bread ration
Scrolls
 g - a scroll of enchant armour {unknown}
 h - a scroll of blinking
Potions
 c - a potion of curing
 e - 2 potions of haste
 f - 2 potions of magic


   Skills:
 - Level 2.6 Fighting
 - Level 2.4 Dodging
 + Level 5.6 Stealth
 + Level 11.4 Unarmed Combat


You had 4 spell levels left.
You didn't know any spells.

Dungeon Overview and Level Annotations

Branches:
Dungeon (1/1)

Altars:
Cheibriados
Dithmenos
Elyvilon
Fedhas
Kikubaaqudgha
Makhleb
Nemelex Xobeh
Okawaru
Qazlal
Sif Muna
Trog
Vehumet
Xom
Yredelemnul
Zin
The Shining One
Jiyva

Shops:
D *


Innate Abilities, Weirdness & Mutations

You have extremely sharp teeth.
Your natural rate of healing is unusually fast.
When hurt, damage is shared between your health and your magic reserves.
Your bite disrupts and absorbs the magic of your enemies.
Potions and wands cannot restore your health.
You are immune to rotting.


Message History

The slime creature hits you!
You punch the slime creature!
The slime creature is moderately wounded.
The slime creature hits you!
* * * LOW HITPOINT WARNING * * *
There is an open door here.
There is an open door here.
There is an open door here.
There is an open door here.
Things that are here:
a dagger; the rotting goblin corpse of Ijyb
There is an open door here.
There is a fountain of clear blue water here.
The slime creature hits you!
* * * LOW HITPOINT WARNING * * *
You hit the slime creature. You bite the slime creature. You drain its power.
You feel invigorated.
The slime creature is moderately wounded.
The slime creature hits you!
You die...

##################
#<.#..').#.)'..#__
#..').#..'..#..'^.
#..#####'#####'#__
#..####..#...#.###
#.J#_.####..##.#
#@.#_..._##'#..+
#⌠⌠#_.∩..Y+..._#
####_..._##_.#'#
#_____###+#.#
####### ###


You could see a slime creature.

Vanquished Creatures
  An ogre (D)
  Sigmund (D)
  A jelly (D)
  Ijyb (D)
4 creatures vanquished.

Notes
Turn   | Place    | Note
--------------------------------------------------------------
     0 | D        | Iskender, the Vine Stalker Monk, began the quest for the Orb.
     0 | D        | Reached XP level 1. HP: 11/11 MP: 1/1
     1 | D        | Noticed Ijyb
    13 | D        | Killed Ijyb
    13 | D        | Reached skill level 6 in Unarmed Combat
    13 | D        | Reached XP level 2. HP: 16/16 MP: 3/3
    14 | D        | Noticed an ogre
    18 | D        | Killed an ogre
    18 | D        | Reached skill level 9 in Unarmed Combat
    18 | D        | Reached XP level 3. HP: 19/19 MP: 4/4
    18 | D        | Reached XP level 4. HP: 23/23 MP: 5/5
    50 | D        | Noticed Sigmund
    56 | D        | Killed Sigmund
    56 | D        | Reached skill level 11 in Unarmed Combat
    56 | D        | Reached XP level 5. HP: 11/27 MP: 1/7
    70 | D        | Found a deep blue altar of Sif Muna.
   109 | D        | Noticed a jelly
   110 | D        | Found a radiant altar of Vehumet.
   116 | D        | Killed a jelly
   116 | D        | Reached skill level 5 in Stealth
   139 | D        | Found Iceereic's Assorted Antiques.
   139 | D        | Found a white marble altar of Elyvilon.
   139 | D        | Found a stormy altar of Qazlal.
   139 | D        | Found a burning altar of Makhleb.
   139 | D        | Found a basalt altar of Yredelemnul.
   139 | D        | Found a glowing golden altar of the Shining One.
   139 | D        | Found a sparkling altar of Nemelex Xobeh.
   139 | D        | Found a shimmering altar of Xom.
   139 | D        | Found an ancient bone altar of Kikubaaqudgha.
   139 | D        | Found a glowing silver altar of Zin.
   139 | D        | Noticed a yak
   140 | D        | Found an iron altar of Okawaru.
   146 | D        | Found a bloodstained altar of Trog.
   233 | D        | Found a snail-covered altar of Cheibriados.
   233 | D        | Found a shadowy altar of Dithmenos.
   233 | D        | Noticed a slime creature
   234 | D        | Found a viscous altar of Jiyva.
   234 | D        | Found a blossoming altar of Fedhas.
   237 | D        | Became a worshipper of Dithmenos the Shadowed
   237 | D        | Acquired Dithmenos' first power
   261 | D        | Slain by a slime creature

Action                   |  1- 3 |  4- 6 || total
-------------------------+-------+-------++-------
Melee: Unarmed           |    10 |    11 ||    21
  Use: Potion            |     1 |       ||     1
 Stab: Sleeping          |       |     3 ||     3
